| TOP OF THE 1ST |
|
Cincinnati (NYP) Reds batting - Pitching for Brooklyn Cyclones : RHP Gwidon Kaminski
|
|
Pitching: RHP Gwidon Kaminski
|
|
|
Batting: RHB Randy Grewe
|
0-0: Foul Ball, location: 2F 0-1: Ball 1-1: Ball 2-1: Foul Ball, location: 2F 2-2: Foul Ball, location: 2F 2-2: Fly out, F8 (Flyball, 78S, EV 73.8 MPH)
|
|
Batting: RHB Tim Walter
|
0-0: Ball 1-0: Called Strike 1-1: Ground out 4-3 (Groundball, 4, EV 96.9 MPH)
|
|
Batting: RHB David Clough
|
0-0: Ball 1-0: Called Strike 1-1: Swinging Strike 1-2: Ball 2-2: Strikes out swinging
|
| Top of the 1st over - 0 runs, 0 hits, 0 errors, 0 left on base; Cincinnati (NYP) 0 - Brooklyn 0 |
| BOTTOM OF THE 1ST |
|
Brooklyn Cyclones batting - Pitching for Cincinnati (NYP) Reds : RHP Kevin Nabity
|
|
Pitching: RHP Kevin Nabity
|
|
|
Batting: LHB Elmo Dreier
|
0-0: Ball 1-0: SINGLE (Line Drive, 78M, EV 111.9 MPH)
|
|
Batting: RHB Jack Nickleberry
|
0-0: Called Strike Elmo Dreier steals 2nd base 0-1: Ball 1-1: Swinging Strike 1-2: Ball 2-2: Strikes out swinging
|
|
Batting: RHB Jake Geib
|
0-0: Ball 1-0: Ball 2-0: Ball 3-0: Called Strike 3-1: Fly out, F3 (Popup, 3F, EV 66.2 MPH)
|
|
Batting: LHB Miguel Ramos
|
0-0: Foul Ball, location: 2F 0-1: Reached on error, E4 (Groundball, 4, EV 78.8 MPH) Elmo Dreier to third
|
|
Batting: RHB Ryan Marler
|
0-0: Called Strike 0-1: Ball 1-1: Foul Ball, location: 2F 1-2: Ball 2-2: Ball 3-2: Foul Ball, location: 2F 3-2: Strikes out looking
|
| Bottom of the 1st over - 0 runs, 1 hit, 1 error, 2 left on base; Cincinnati (NYP) 0 - Brooklyn 0 |
| TOP OF THE 2ND |
|
Cincinnati (NYP) Reds batting - Pitching for Brooklyn Cyclones : RHP Gwidon Kaminski
|
|
Batting: LHB Brian Dickeson
|
0-0: Ball 1-0: Foul Ball, location: 2F 1-1: Ball 2-1: Ball 3-1: Foul Ball, location: 2F 3-2: Strikes out swinging
|
|
Batting: SHB Cesar Pelayo
|
0-0: Ball 1-0: Called Strike 1-1: Swinging Strike 1-2: Ball 2-2: Foul Ball, location: 2F 2-2: Strikes out swinging
|
|
Batting: LHB Jason Pirkle
|
0-0: Called Strike 0-1: Ground out 5-3 (Groundball, 56, EV 92.5 MPH)
|
| Top of the 2nd over - 0 runs, 0 hits, 0 errors, 0 left on base; Cincinnati (NYP) 0 - Brooklyn 0 |
| BOTTOM OF THE 2ND |
|
Brooklyn Cyclones batting - Pitching for Cincinnati (NYP) Reds : RHP Kevin Nabity
|
|
Batting: RHB Victor Reyes
|
0-0: Foul Ball, location: 2F 0-1: Foul Ball, location: 2F 0-2: Strikes out swinging
|
|
Batting: SHB Callum Lynch
|
0-0: Ground out U3 (Groundball, 3, EV 105.6 MPH)
|
|
Batting: SHB Duri Chilemba
|
0-0: Called Strike 0-1: Ground out 6-3 (Groundball, 6, EV 84.4 MPH)
|
| Bottom of the 2nd over - 0 runs, 0 hits, 0 errors, 0 left on base; Cincinnati (NYP) 0 - Brooklyn 0 |
| TOP OF THE 3RD |
|
Cincinnati (NYP) Reds batting - Pitching for Brooklyn Cyclones : RHP Gwidon Kaminski
|
|
Batting: RHB R.J. Romberg
|
0-0: Ball 1-0: Foul Ball, location: 2F 1-1: Ball 2-1: Hit by Pitch
|
|
Batting: RHB Cyd Carver
|
0-0: Fielders Choice at 2nd, 4-6 (Groundball, 4, EV 101.9 MPH)
|
|
Batting: LHB Akira Yamano
|
0-0: Called Strike Cyd Carver steals 2nd base (no throw) 0-1: Called Strike Cyd Carver steals 3rd base 0-2: Ball 1-2: Ball 2-2: Foul Ball, location: 2F 2-2: Foul Ball, location: 2F 2-2: Strikes out looking
|
|
Batting: RHB Randy Grewe
|
0-0: Called Strike 0-1: Ball 1-1: Called Strike 1-2: Strikes out swinging
|
| Top of the 3rd over - 0 runs, 0 hits, 0 errors, 1 left on base; Cincinnati (NYP) 0 - Brooklyn 0 |
| BOTTOM OF THE 3RD |
|
Brooklyn Cyclones batting - Pitching for Cincinnati (NYP) Reds : RHP Kevin Nabity
|
|
Batting: RHB Roberto Delgado
|
0-0: Fly out, F9 (Flyball, 9, EV 92.5 MPH)
|
|
Batting: LHB Elmo Dreier
|
0-0: Foul Ball, location: 2F 0-1: Fly out, F8 (Flyball, 8LM, EV 85.6 MPH)
|
|
Batting: RHB Jack Nickleberry
|
0-0: Ground out 6-3 (Groundball, 6, EV 83.1 MPH)
|
| Bottom of the 3rd over - 0 runs, 0 hits, 0 errors, 0 left on base; Cincinnati (NYP) 0 - Brooklyn 0 |
| TOP OF THE 4TH |
|
Cincinnati (NYP) Reds batting - Pitching for Brooklyn Cyclones : RHP Gwidon Kaminski
|
|
Batting: RHB Tim Walter
|
0-0: Called Strike 0-1: Ball 1-1: Ball 2-1: Ball 3-1: Foul Ball, location: 2F 3-2: Strikes out swinging
|
|
Batting: RHB David Clough
|
0-0: Ball 1-0: Ground out 5-3 (Groundball, 56S, EV 87.5 MPH)
|
|
Batting: LHB Brian Dickeson
|
0-0: Swinging Strike 0-1: Ball 1-1: Foul Ball, location: 2F 1-2: Strikes out swinging
|
| Top of the 4th over - 0 runs, 0 hits, 0 errors, 0 left on base; Cincinnati (NYP) 0 - Brooklyn 0 |
| BOTTOM OF THE 4TH |
|
Brooklyn Cyclones batting - Pitching for Cincinnati (NYP) Reds : RHP Kevin Nabity
|
|
Batting: RHB Jake Geib
|
0-0: Ball 1-0: Called Strike 1-1: Foul Ball, location: 2F 1-2: Foul Ball, location: 2F 1-2: Strikes out swinging
|
|
Batting: LHB Miguel Ramos
|
0-0: Called Strike 0-1: Called Strike 0-2: Foul Ball, location: 2F 0-2: Ball 1-2: Ball 2-2: Foul Ball, location: 2F 2-2: Ground out 6-3 (Groundball, 56, EV 93.1 MPH)
|
|
Batting: RHB Ryan Marler
|
0-0: Ball 1-0: SINGLE (Groundball, 6MD, EV 101.2 MPH)
|
|
Batting: RHB Victor Reyes
|
0-0: Ball 1-0: SINGLE (Groundball, 6MD, EV 95.0 MPH) Ryan Marler to second
|
|
Batting: SHB Callum Lynch
|
0-0: Ball 1-0: Fielders Choice at 2nd, 5-4 (Groundball, 5, EV 76.9 MPH)
|
| Bottom of the 4th over - 0 runs, 2 hits, 0 errors, 2 left on base; Cincinnati (NYP) 0 - Brooklyn 0 |
| TOP OF THE 5TH |
|
Cincinnati (NYP) Reds batting - Pitching for Brooklyn Cyclones : RHP Gwidon Kaminski
|
|
Batting: SHB Cesar Pelayo
|
0-0: Ball 1-0: Ground out 6-3 (Groundball, 56, EV 105.6 MPH)
|
|
Batting: LHB Jason Pirkle
|
0-0: Ball 1-0: Swinging Strike 1-1: Foul Ball, location: 2F 1-2: Ball 2-2: Ground out 6-3 (Groundball, 56, EV 106.2 MPH)
|
|
Batting: RHB R.J. Romberg
|
0-0: Ball 1-0: Ball 2-0: Fly out, F9 (Flyball, 9D, EV 96.9 MPH)
|
| Top of the 5th over - 0 runs, 0 hits, 0 errors, 0 left on base; Cincinnati (NYP) 0 - Brooklyn 0 |
| BOTTOM OF THE 5TH |
|
Brooklyn Cyclones batting - Pitching for Cincinnati (NYP) Reds : RHP Kevin Nabity
|
|
Batting: SHB Duri Chilemba
|
0-0: Called Strike 0-1: Ball 1-1: Swinging Strike 1-2: Foul Ball, location: 2F 1-2: SINGLE (Groundball, 4MD, EV 95.6 MPH)
|
|
Batting: RHB Roberto Delgado
|
0-0: SINGLE (Groundball, 56D, EV 102.5 MPH) Duri Chilemba to second
|
|
Batting: LHB Elmo Dreier
|
0-0: Ball 1-0: Called Strike 1-1: Foul Ball, location: 2F 1-2: Fly out, F5 (Popup, 25F, EV 93.1 MPH)
|
|
Pitching: RHP Jaime Kijowski
|
|
|
Batting: RHB Jack Nickleberry
|
0-0: Called Strike 0-1: Ball 1-1: Ball 2-1: Ball 3-1: Base on Balls Duri Chilemba to third Roberto Delgado to second
|
|
Batting: RHB Jake Geib
|
0-0: Called Strike 0-1: Ball 1-1: Fielders Choice at 2nd, 4-6 (Groundball, 4, EV 83.1 MPH) Duri Chilemba scores Roberto Delgado to third
|
|
Batting: LHB Miguel Ramos
|
0-0: Foul Ball, location: 2F 0-1: Ball 1-1: Foul Ball, location: 2F 1-2: Ball 2-2: Strikes out looking
|
| Bottom of the 5th over - 1 run, 2 hits, 0 errors, 2 left on base; Cincinnati (NYP) 0 - Brooklyn 1 |
| TOP OF THE 6TH |
|
Cincinnati (NYP) Reds batting - Pitching for Brooklyn Cyclones : RHP Gwidon Kaminski
|
|
Batting: RHB Cyd Carver
|
0-0: Foul Ball, location: 2F 0-1: Ball 1-1: Foul Ball, location: 2F 1-2: Ball 2-2: Strikes out swinging
|
|
Batting: LHB Akira Yamano
|
0-0: Called Strike 0-1: Ground out 6-3 (Groundball, 6, EV 97.5 MPH)
|
|
Batting: RHB Randy Grewe
|
0-0: Swinging Strike 0-1: Foul Ball, location: 2F 0-2: Strikes out looking
|
| Top of the 6th over - 0 runs, 0 hits, 0 errors, 0 left on base; Cincinnati (NYP) 0 - Brooklyn 1 |
| BOTTOM OF THE 6TH |
|
Brooklyn Cyclones batting - Pitching for Cincinnati (NYP) Reds : RHP Jaime Kijowski
|
|
Batting: RHB Ryan Marler
|
0-0: Ball 1-0: Called Strike 1-1: Ball 2-1: Hit by Pitch
|
|
Batting: RHB Victor Reyes
|
0-0: Ball Ryan Marler steals 2nd base 1-0: Ball 2-0: Ball 3-0: Called Strike 3-1: Base on Balls
|
|
Batting: SHB Callum Lynch
|
0-0: Fielders Choice at 2nd, 6-4 (Groundball, 6, EV 80.0 MPH) Ryan Marler to third
|
|
Batting: SHB Duri Chilemba
|
0-0: Called Strike 0-1: Ball 1-1: Fly out, F8 (Flyball, 8LXD, EV 95.6 MPH) Runner from 3rd tags up, SCORES, no throw by CF
|
|
Batting: LHB Brian Levensailor
|
0-0: Ball Callum Lynch steals 2nd, throwing error, E2 Callum Lynch to third 1-0: Ground out 4-3 (Groundball, 4, EV 105.6 MPH)
|
| Bottom of the 6th over - 1 run, 0 hits, 1 error, 1 left on base; Cincinnati (NYP) 0 - Brooklyn 2 |
| TOP OF THE 7TH |
|
Cincinnati (NYP) Reds batting - Pitching for Brooklyn Cyclones : RHP Gwidon Kaminski
|
|
Batting: RHB Tim Walter
|
0-0: Foul Ball, location: 2F 0-1: Ball 1-1: Swinging Strike 1-2: Strikes out looking
|
|
Batting: RHB David Clough
|
0-0: Called Strike 0-1: Ball 1-1: SINGLE (Groundball, 6MD, EV 109.4 MPH)
|
|
Batting: LHB Brian Dickeson
|
0-0: Called Strike 0-1: Ball 1-1: Reached on error, E1 (Groundball, 15S, EV 70.6 MPH) David Clough to second
|
|
Batting: SHB Cesar Pelayo
|
0-0: Ball 1-0: Ball 2-0: Ball 3-0: Called Strike 3-1: SINGLE (Groundball, 56D, EV 97.5 MPH) David Clough to third Brian Dickeson to second Runner from 3rd tries for Home, throw by LF and OUT! 7-2
|
|
Batting: LHB Jason Pirkle
|
0-0: Ball 1-0: Called Strike 1-1: SINGLE (Flyball, 6D, EV 88.1 MPH) Brian Dickeson to third Cesar Pelayo to second
|
|
Pitching: RHP Battista Aldobrandini
|
|
|
Pinch Hitting: LHB Matthew Berry
|
0-0: Called Strike 0-1: Foul Ball, location: 2F 0-2: Ball 1-2: Foul Ball, location: 2F 1-2: Strikes out swinging
|
| Top of the 7th over - 0 runs, 3 hits, 1 error, 3 left on base; Cincinnati (NYP) 0 - Brooklyn 2 |
| BOTTOM OF THE 7TH |
|
Brooklyn Cyclones batting - Pitching for Cincinnati (NYP) Reds : RHP Jaime Kijowski
|
|
Now in RF: Tony Diaz
|
|
|
Batting: LHB Elmo Dreier
|
0-0: Called Strike 0-1: SINGLE (Flyball, 4D, EV 84.4 MPH)
|
|
Batting: RHB Jack Nickleberry
|
0-0: Called Strike Elmo Dreier is caught stealing 2nd base 2-4 0-1: Ball 1-1: Ball 2-1: Foul Ball, location: 2F 2-2: Strikes out swinging
|
|
Batting: RHB Jake Geib
|
0-0: Called Strike 0-1: SINGLE (Groundball, 6MD, EV 100.6 MPH)
|
|
Pitching: LHP Hiroshi Mukae
|
|
|
Batting: LHB Miguel Ramos
|
0-0: Ball 1-0: Ball 2-0: Called Strike 2-1: Ball 3-1: Swinging Strike 3-2: Foul Ball, location: 2F 3-2: Strikes out swinging
|
| Bottom of the 7th over - 0 runs, 2 hits, 0 errors, 1 left on base; Cincinnati (NYP) 0 - Brooklyn 2 |
| TOP OF THE 8TH |
|
Cincinnati (NYP) Reds batting - Pitching for Brooklyn Cyclones : RHP Battista Aldobrandini
|
|
Now at 1B: Salvador Gomez
|
|
|
Pinch Hitting: SHB Kristian Kristensen
|
0-0: Foul Ball, location: 2F 0-1: Ball 1-1: DOUBLE (Line Drive, 78M, EV 94.4 MPH)
|
|
Batting: LHB Akira Yamano
|
0-0: Swinging Strike 0-1: Swinging Strike 0-2: Strikes out looking
|
|
Batting: RHB Randy Grewe
|
0-0: Called Strike 0-1: Foul Ball, location: 2F 0-2: DOUBLE (Flyball, 89XD, EV 101.9 MPH) Kristian Kristensen scores
|
|
Pinch Hitting: SHB Tim Utz
|
0-0: Called Strike 0-1: Ball 1-1: Ground out 4-3 (Groundball, 4, EV 88.1 MPH) Randy Grewe to third
|
|
Batting: RHB David Clough
|
0-0: Foul Ball, location: 2F 0-1: Swinging Strike 0-2: Foul Ball, location: 2F 0-2: Ball 1-2: Ball 2-2: Strikes out swinging
|
| Top of the 8th over - 1 run, 2 hits, 0 errors, 1 left on base; Cincinnati (NYP) 1 - Brooklyn 2 |
| BOTTOM OF THE 8TH |
|
Brooklyn Cyclones batting - Pitching for Cincinnati (NYP) Reds : LHP Hiroshi Mukae
|
|
Now at 2B: John Galluzzo
|
|
|
Now at SS: Yasusaburo Kuwahara
|
|
|
Batting: RHB Ryan Marler
|
0-0: Ball 1-0: Called Strike 1-1: Foul Ball, location: 2F 1-2: Ball 2-2: Ground out 5-3 (Groundball, 5L, EV 98.8 MPH)
|
|
Batting: RHB Victor Reyes
|
0-0: Swinging Strike 0-1: Ball 1-1: Called Strike 1-2: Ball 2-2: Ball 3-2: Base on Balls
|
|
Batting: SHB Callum Lynch
|
0-0: SINGLE (Line Drive, 9S, EV 100.6 MPH) Victor Reyes to second
|
|
Batting: SHB Duri Chilemba
|
0-0: Called Strike 0-1: Ball 1-1: Foul Ball, location: 2F 1-2: Strikes out looking
|
|
Batting: RHB Jayden Copeland
|
0-0: Ball 1-0: Foul Ball, location: 2F 1-1: Ball 2-1: Foul Ball, location: 2F 2-2: Strikes out swinging
|
| Bottom of the 8th over - 0 runs, 1 hit, 0 errors, 2 left on base; Cincinnati (NYP) 1 - Brooklyn 2 |
| TOP OF THE 9TH |
|
Cincinnati (NYP) Reds batting - Pitching for Brooklyn Cyclones : RHP Battista Aldobrandini
|
|
Pitching: RHP Leo Burgos
|
|
|
Batting: LHB Brian Dickeson
|
0-0: Ball 1-0: Ball 2-0: Ball 3-0: Called Strike 3-1: Ground out U3 (Groundball, 3, EV 89.4 MPH)
|
|
Batting: SHB Cesar Pelayo
|
0-0: Foul Ball, location: 2F 0-1: Ground out 6-3 (Groundball, 6, EV 93.1 MPH)
|
|
Batting: LHB Jason Pirkle
|
0-0: Called Strike 0-1: Called Strike 0-2: Foul Ball, location: 2F 0-2: Ball 1-2: Strikes out swinging
|
| Top of the 9th over - 0 runs, 0 hits, 0 errors, 0 left on base; Cincinnati (NYP) 1 - Brooklyn 2 |
|